 Dungeon Crawl Stone Soup version 0.29.0-4-gdea44cf6ec (webtiles) character file.

Game seed: 10035780848886540321

392 qw the Chopper (level 6, -4/37 HPs)
             Began as a Tengu Warper on Aug 28, 2022.
             Slain by Duvessa
             ... wielding a +0 short sword
              (6 damage)
             ... on level 4 of the Dungeon.
             The game lasted 00:00:23 (4600 turns).

qw the Chopper (Tengu Warper)                       Turns: 4600, Time: 00:00:23

Health: -4/37      AC:  9    Str: 13    XL:     6   Next: 81%
Magic:  10/10      EV:  7    Int: 14    God:
Gold:   167        SH:  0    Dex: 13    Spells: 9/9 levels left

rFire   . . .      SeeInvis .   Y - +0 hand axe
rCold   . . .      Faith    .   (no shield)
rNeg    . . .      Spirit   .   e - +0 chain mail
rPois   .          Reflect  .   (helmet restricted)
rElec   .          Harm     .   (no cloak)
rCorr   .          Rampage  .   d - +0 pair of gloves
Will    .....                   (boots unavailable)
Stlth   ..........              (no amulet)
HPRegen 0.12/turn               (no ring)
MPRegen 0.12/turn               (no ring)

@: lit by a corona, flying quickly and evasively, glowing, quick
A: beak, talons 3, nimble flight
a: no special abilities


You were on level 4 of the Dungeon.
You visited 1 branch of the dungeon, and saw 4 of its levels.

You collected 167 gold pieces.


Innate Abilities, Weirdness & Mutations

You have a beak for a mouth.
You have claws for feet.
Your magical nature lets you fly swiftly and evasively.


   Skills:
 - Level 3.0 Fighting
 + Level 7.0 Axes
 - Level 1.0 Throwing
 - Level 2.0 Armour
 - Level 2.1 Dodging
 - Level 2.0 Spellcasting
 - Level 2.4 Translocations


You had 9 spell levels left.
You didn't know any spells.
Your spell library contained the following spells:

 Spells                   Type           Power      Damage    Failure   Level
 Blink                    Tloc           16%        N/A       99%         2
 Gell's Gravitas          Tloc           8%         N/A       100%        3
 Lesser Beckoning         Tloc           8%         N/A       100%        3
 Teleport Other           Tloc           8%         N/A       100%        3
 Manifold Assault         Tloc           8%         N/A       100%        5

Inventory:

Hand Weapons
 h - a +0 mace
 Y - a +0 hand axe (weapon)
Missiles
 j - 3 boomerangs (quivered)
Armour
 d - a +0 pair of gloves (worn)
 e - a +0 chain mail (worn)
Scrolls
 a - a scroll of identify
 g - a scroll of vulnerability {unknown}
 l - a scroll of enchant weapon {unknown}
Potions
 b - a potion of mutation {unknown}
 f - a potion of ambrosia {unknown}
 i - 2 potions of curing
 k - 2 potions of lignification {unknown}

Dungeon Overview and Level Annotations

Branches:
Dungeon (4/15)
 Temple: D:4-7

Altars:
Wu Jian

Annotations:
D:4 Duvessa


Message History

4589 ||| DRINKING 2 potions of heal wounds.
You feel much better. Duvessa hits you with a +0 short sword!
Dowan closely misses you.
You hit Dowan.
You kill Dowan!
Duvessa screams, "No!
How DARE you!"
Duvessa goes berserk!
You hit Duvessa. Duvessa hits you with a +0 short sword.
Your Fighting skill increases to level 3!
You hit Duvessa but do no damage. Your peck misses Duvessa.
Duvessa is moderately wounded.
Duvessa hits you with a +0 short sword.
You hit Duvessa but do no damage. Your peck misses Duvessa.
Duvessa is moderately wounded.
Duvessa hits you but does no damage. Duvessa hits you with a +0 short sword.
You closely miss Duvessa. You claw Duvessa, but do no damage.
Duvessa is moderately wounded.
Duvessa hits you with a +0 short sword!
4594 ||| DRINKING potion of heal wounds.
You feel much better. Duvessa hits you with a +0 short sword.
You hit Duvessa.
Duvessa is moderately wounded.
Duvessa closely misses you. Duvessa hits you with a +0 short sword!
You closely miss Duvessa.
Duvessa is moderately wounded.
Duvessa hits you with a +0 short sword.
You hit Duvessa but do no damage. You peck Duvessa.
Duvessa is moderately wounded.
Duvessa hits you but does no damage. Duvessa closely misses you.
You hit Duvessa. Your kick misses Duvessa.
Duvessa is moderately wounded.
Duvessa hits you with a +0 short sword.
You hit Duvessa but do no damage. Your kick misses Duvessa. You peck Duvessa.
Duvessa is moderately wounded.
Duvessa hits you with a +0 short sword.
You hit Duvessa but do no damage. You claw Duvessa, but do no damage.
Duvessa is moderately wounded.
Duvessa hits you with a +0 short sword.
You die...

.# ##########.#
#..........#
#..........#
#..........#
#..........# #..
#....e)....# #...
#....@.....##
#.....#............
..............###
#.######....###
###>.............. ...
#......###....######..##
#......# #....###......
#......# #...........#
##......# #...........#


You could see Duvessa (berserk).

Vanquished Creatures
  A phantom (D:4)
  Dowan (D:4)
  A hound (D:4)
  Jessica (D:3)
  An iguana (D:4)
  2 orc wizards (D:3)
  Robin (D:2)
  2 adders
  2 worms
  3 dart slugs
  7 orcs
  8 ball pythons
  A bat (D:1)
  7 endoplasms
  3 giant cockroaches (D:3)
  11 hobgoblins
  2 jackals (D:2)
  5 quokkas
  A frilled lizard (D:3)
  18 goblins
  4 kobolds
  3 rats
85 creatures vanquished.

Vanquished Creatures (others)
  3 plants (D:2)
3 creatures vanquished.

Grand Total: 88 creatures vanquished

Notes
Turn   | Place    | Note
-------+----------+-------------------------------------------
     0 | D:1      | qw the Tengu Warper began the quest for the Orb.
     0 | D:1      | Reached XP level 1. HP: 12/12 MP: 4/4
     0 | D:1      | 0 ||| qw: Version: 0.1-a-89-g26bdef1
     0 | D:1      | 0 ||| qw: Game counter: 2168
     0 | D:1      | 0 ||| qw: Always use a shield: true
     0 | D:1      | 0 ||| qw: God list: Okawaru
     0 | D:1      | 0 ||| qw: Allow faded altars: false
     0 | D:1      | 0 ||| qw: Do Orc after D:15 true
     0 | D:1      | 0 ||| qw: Do second Lair branch before Depths: true
     0 | D:1      | 0 ||| qw: Lair rune preference: random
     0 | D:1      | 0 ||| qw: Plans: Normal
     0 | D:1      | 0 ||| PLANNING D:1-11
    71 | D:1      | 71 ||| Stepping ~*~*~tactically~*~*~ (stealth).
    73 | D:1      | 73 ||| Stepping ~*~*~tactically~*~*~ (stealth).
    74 | D:1      | 74 ||| Stepping ~*~*~tactically~*~*~ (stealth).
   322 | D:1      | Reached skill level 3 in Axes
   322 | D:1      | Reached XP level 2. HP: 17/17 MP: 6/6
   385 | D:1      | 385 ||| Stepping ~*~*~tactically~*~*~ (stealth).
   454 | D:1      | 454 ||| DROPPING +0 club.
   481 | D:1      | 481 ||| Stepping ~*~*~tactically~*~*~ (hiding).
   536 | D:1      | 536 ||| Stepping ~*~*~tactically~*~*~ (stealth).
   538 | D:1      | 538 ||| Stepping ~*~*~tactically~*~*~ (stealth).
   540 | D:1      | 540 ||| Stepping ~*~*~tactically~*~*~ (stealth).
   541 | D:1      | 541 ||| Stepping ~*~*~tactically~*~*~ (stealth).
   543 | D:1      | 543 ||| Stepping ~*~*~tactically~*~*~ (stealth).
   549 | D:1      | Reached XP level 3. HP: 19/21 MP: 7/7
   960 | D:1      | 960 ||| UPGRADING to +0 chain mail.
   970 | D:1      | 970 ||| DROPPING +0 leather armour.
   971 | D:1      | 971 ||| READING scroll labelled CEBEIL WUIZIPSI.
   972 | D:1      | 972 ||| READING scroll labelled GACUEK ENA.
   973 | D:1      | 973 ||| READING scroll labelled RIBRIV LASOXU.
   977 | D:1      | 977 ||| READING scroll labelled VIOMYF SUVVO.
   978 | D:1      | 978 ||| DROPPING scroll of blinking.
   979 | D:1      | 979 ||| Stepping randomly (stuck).
   980 | D:1      | 980 ||| Stepping ~*~*~tactically~*~*~ (cloud).
   983 | D:1      | HP: 5/21 [poisoned by you (poison gas)]
   986 | D:1      | HP: 2/21 [poisoned by you (poison gas)]
  1294 | D:2      | Reached skill level 4 in Axes
  2046 | D:2      | 2046 ||| Stepping ~*~*~tactically~*~*~ (stealth).
  2048 | D:2      | Reached XP level 4. HP: 26/26 MP: 8/8
  2058 | D:2      | Noticed Robin
  2059 | D:2      | 2059 ||| Stepping ~*~*~tactically~*~*~ (stealth).
  2088 | D:2      | Killed Robin
  2369 | D:2      | 2369 ||| READING scroll labelled CELEMM OMIN.
  2370 | D:2      | 2370 ||| DRINKING 2 puce potions.
  2395 | D:3      | 2395 ||| PLANNING SEWER
  2548 | D:3      | Reached skill level 5 in Axes
  2565 | D:3      | Found an ornate altar of the Wu Jian Council.
  2635 | D:3      | 2635 ||| Stepping ~*~*~tactically~*~*~ (hiding).
  2745 | D:3      | 2745 ||| Stepping ~*~*~tactically~*~*~ (stealth).
  2773 | D:3      | 2773 ||| Stepping ~*~*~tactically~*~*~ (hiding).
  2783 | D:3      | Gained mutation: Your magical nature lets you fly swiftly
                  | and evasively. [Tengu growth]
  2783 | D:3      | Reached XP level 5. HP: 28/30 MP: 9/9
  2987 | D:3      | 2987 ||| Stepping ~*~*~tactically~*~*~ (stealth).
  2988 | D:3      | 2988 ||| Stepping ~*~*~tactically~*~*~ (stealth).
  3007 | D:3      | 3007 ||| Stepping ~*~*~tactically~*~*~ (stealth).
  3012 | D:3      | 3012 ||| Stepping ~*~*~tactically~*~*~ (stealth).
  3055 | D:3      | 3055 ||| RIP SEWER
  3063 | D:3      | 3063 ||| PLANNING D:1-11
  3063 | D:3      | 3063 ||| Stepping ~*~*~tactically~*~*~ (stealth).
  3089 | D:3      | Noticed Jessica
  3090 | D:3      | 3090 ||| Stepping ~*~*~tactically~*~*~ (hiding).
  3092 | D:3      | 3092 ||| Stepping ~*~*~tactically~*~*~ (hiding).
  3093 | D:3      | 3093 ||| Stepping ~*~*~tactically~*~*~ (hiding).
  3094 | D:3      | 3094 ||| Stepping ~*~*~tactically~*~*~ (hiding).
  3102 | D:3      | Killed Jessica
  3103 | D:3      | Reached skill level 6 in Axes
  3310 | D:3      | 3310 ||| Stepping ~*~*~tactically~*~*~ (hiding).
  3895 | D:3      | 3895 ||| UPGRADING to +0 pair of gloves.
  3900 | D:3      | 3900 ||| READING scroll labelled NEXERU BOAWEUPS.
  4018 | D:4      | Noticed a phantom
  4031 | D:4      | Killed a phantom
  4032 | D:4      | Reached XP level 6. HP: 13/35 MP: 10/10
  4285 | D:4      | Reached skill level 7 in Axes
  4579 | D:4      | Noticed Duvessa
  4579 | D:4      | Noticed Dowan
  4588 | D:4      | HP: 7/36 [Dowan/puff of flame (6)]
  4589 | D:4      | 4589 ||| DRINKING 2 potions of heal wounds.
  4590 | D:4      | Killed Dowan
  4591 | D:4      | Reached skill level 3 in Fighting
  4593 | D:4      | HP: 7/37 [Duvessa/+0 short sword (12)]
  4594 | D:4      | 4594 ||| DRINKING potion of heal wounds.
  4598 | D:4      | HP: 4/37 [Duvessa/+0 short sword (6)]
  4600 | D:4      | Slain by Duvessa

Levels and vault maps discovered:
D:1:      dpeg_arrival_concentric_ovals, layout_basic
D:2:      layout_loops_ring, serial_forest, infiniplex_forest_zigzag_2,
          infiniplex_forest_lined_room_2, infiniplex_forest_end_2,
          infiniplex_forest_straight_2, infiniplex_forest_lined_2,
          infiniplex_forest_end_2, infiniplex_forest_clump_medium,
          infiniplex_forest_straight_3, shapermc_ecumenical_altar_petra,
          uniq_robin
D:3:      layout_basic, marbit_many_paths, gup_sewer_entry_spiral, uniq_jessica
D:4:      due_chaos_kobolds, layout_basic, mainiacjoe_overflow_six_doors_small,
          kennysheep_orc_sif_temple, uniq_duvessa

Skill      XL: |  1  2  3  4  5  6 |
---------------+-------------------+-----
Axes           | 3 4 5 6 7 |  7.0
Armour         | 2 |  2.0
Fighting       | 3 |  3.0
Throwing       | |  1.0
Dodging        | |  2.1
Spellcasting   | |  2.0
Translocations | |  2.4

Action                   |  1- 3 |  4- 6 || total
-------------------------+-------+-------++-------
Melee: Hand axe          |    67 |   152 ||   219
       Kick              |    15 |    46 ||    61
       Peck              |     9 |    24 ||    33
       Punch             |     1 |     2 ||     3
Throw: Boomerang         |     7 |    12 ||    19
  Use: Scroll            |     4 |     2 ||     6
       Potion            |       |     3 ||     3
Armor: Leather armour    |     2 |       ||     2
       Chain mail        |    12 |    50 ||    62
Dodge: Dodged            |    18 |    38 ||    56

Table legend:
 A = Non-vault XP
 B = Vault XP
 C = Vault XP percentage of total XP
 D = Non-vault monster count
 E = Vault monster count
 F = Vault count percentage of total count
                 A         B        C        D         E       F
            +---------+---------+-------+---------+---------+-------
      Total |     392 |     169 |  30.1 |      64 |      21 |  24.7
            +---------+---------+-------+---------+---------+-------
        D:1 |      38 |       0 |   0.0 |      21 |       0 |   0.0
        D:2 |      36 |      35 |  49.3 |      11 |      12 |  52.2
        D:3 |     121 |      65 |  34.9 |      23 |       8 |  25.8
        D:4 |     197 |      69 |  25.9 |       9 |       1 |  10.0
            +---------+---------+-------+---------+---------+-------
